 Dungeon Crawl Stone Soup version 0.22-a0-833-g8522bf8125 (webtiles) character file.

7565 Htamos the Spear-Bearer (level 10, 0/60 HPs)
             Began as a Spriggan Gladiator on July 25, 2018.
             Was a Priest of Ashenzari.
             Succumbed to a soldier ant's poison
             ... on level 6 of the Dungeon.
             The game lasted 00:51:46 (14128 turns).

Htamos the Spear-Bearer (Spriggan Gladiator)       Turns: 14128, Time: 00:51:46

Health: 0/60       AC:  6    Str: 13    XL:     10   Next: 96%
Magic:  11/11      EV: 20    Int:  9    God:    Ashenzari [***...]
Gold:   398        SH:  0    Dex: 19    Spells: 9/9 levels left

rFire    . . .     SeeInvis +   a - +0 trident (protect) (curse)
rCold    . . .     Gourm    .   (shield currently unavailable)
rNeg     . . .     Faith    .   b - +1 robe
rPois    .         Spirit   .   c - +0 hat
rElec    .         Reflect  .   j - +2 cloak {MR+} (curse)
rCorr    .         Harm     .   (gloves unavailable)
MR       ++...                  (boots unavailable)
Stlth    +.........             (no amulet)
HPRegen  0.20/turn              (no ring)
MPRegen  0.12/turn              (no ring)

@: lethally poisoned (0 -> -1), very slightly contaminated, invisible
(expiring), very quick
A: very small, unfitting armour, hooves 1, see invisible, herbivore, speed 3,
robust 1, slow metabolism 2
a: Curse Item, Scrying, Renounce Religion


You were on level 6 of the Dungeon.
You worshipped Ashenzari.
Ashenzari was most pleased with you.
You were not hungry.

You visited 1 branch of the dungeon, and saw 8 of its levels.

You collected 498 gold pieces.
You spent 100 gold pieces at shops.

Inventory:

Hand Weapons
 a - a cursed +0 trident of protection (weapon)
 r - a +4 quarterstaff of chaos
 u - a +2 dagger of draining
Missiles
 d - 2 throwing nets (quivered)
 n - 322 stones
Armour
 b - a +1 robe (worn)
 c - a +0 hat (worn)
 g - a +0 robe
 j - a cursed +2 cloak of magic resistance (worn)
Jewellery
 k - an uncursed ring of fire
 w - a +2 ring of intelligence
 x - an uncursed ring of protection from cold
Scrolls
 e - a scroll of enchant armour
 h - 9 scrolls of remove curse
 l - 2 scrolls of identify
 m - a scroll of fog
Potions
 o - 3 potions of degeneration
 p - a potion of flight
 q - a potion of magic
Comestibles
 f - 11 rations


   Skills:
 + Level 7.6 Fighting
 - Level 11.2(14.7) Polearms
 - Level 2.0 Throwing
 - Level 4.4 Dodging


You had 9 spell levels left.
You didn't know any spells.
Your spell library contained the following spells:

 Spells                   Type           Power        Failure   Level  Hunger
 Lightning Bolt           Conj/Air       #.........   100%        5    ######.
 Shock                    Conj/Air       #...         38%         1    ##.....
 Swiftness                Chrm/Air       #.......     52%         2    ###....
 Airstrike                Air            #.........   99%         4    #####..
 Static Discharge         Conj/Air       #.......     77%         3    ####...


Dungeon Overview and Level Annotations

Branches:
Dungeon (8/15)             Temple (0/1) D:6
   Lair: D:8-11

Altars:
Ashenzari
Dithmenos
Elyvilon
Hepliaklqana
Kikubaaqudgha
Okawaru
Qazlal
Sif Muna
Trog
Uskayaw
Xom
Zin

Shops:
D:5 **[   D:6 *

Annotations:
D:3 exclusion: downstairs


Innate Abilities, Weirdness & Mutations

You are very small and have problems with some larger weapons.
You are too small for most types of armour.
You have supernaturally acute eyesight. (SInv)
You are a herbivore.
You cover ground extremely quickly.
You need to consume almost no food.
You have large cloven feet.
You are robust. (+10% HP)


Message History

* * * LOW HITPOINT WARNING * * *
You feel sick.
You see here a +0 giant spiked club.
* * * LOW HITPOINT WARNING * * *
You feel sick.
Things that are here:
an uncursed plate armour; a +0 halberd
* * * LOW HITPOINT WARNING * * *
You feel sick.
You feel extremely strange.
You feel less repulsive.
Your feet thicken and deform.
You feel robust.
* * * LOW HITPOINT WARNING * * *
You feel sick.
Okay, then.
As you read the scroll labeled NAOXKU WEKHLUMINO, it crumbles to dust.
Wisps of shadow whirl around you...
It was a scroll of summoning.
* * * LOW HITPOINT WARNING * * *
You feel sick.
You flicker for a moment.
You die...

...# #..........)..#########
##.#####.............##
#......[.....).......#
######................# .#
##.........>.....#######
.######...............##...(#
......#.....#.........##....#
....#......###........##....#
...........#⌠_..@....###....#
##.........###......####....#
.....####...#...............#
.#..........h.....#######.###
..)#<####.h.h####...<.....#
.###.......#.......########
.#########.#######.#####
##...# #...## #.....#########
.##..#
###oY########..#......#


You could see 3 friendly jackals.

Vanquished Creatures
  3 two-headed ogres
  The ghost of P0WERM0DE the Chopper, a novice DDFi of Xom (D:6)
  A spriggan (D:7)
  A hungry ghost (D:6)
  Edmund (D:5)
  11 soldier ants
  2 water moccasins
  2 phantoms
  A hornet zombie (D:6)
  A sky beast (D:6)
  3 orc warriors
  3 black bears
  6 ogres
  2 centaurs
  3 bullfrogs
  2 scorpions
  6 killer bees
  5 crimson imps
  2 jellies
  A quasit (D:6)
  3 hounds
  A gnoll shaman (D:5)
  6 orc wizards
  2 orc priests
  Crazy Yiuf (D:5)
  A bullfrog skeleton (D:6)
  Terence (D:2)
  Ijyb (D:3)
  3 iguanas
  9 worker ants
  3 hound skeletons
  3 worker ant zombies
  2 howler monkey zombies
  7 adders
  3 gnolls
  2 howler monkey skeletons
  A shadow imp (D:6)
  2 adder skeletons (D:7)
  5 worms
  4 dart slugs
  5 leopard geckos
  32 orcs
  6 giant cockroaches
  4 goblins
  13 hobgoblins
  15 jackals
  3 quokkas
  9 bats
  9 frilled lizards
  A jackal skeleton (D:7)
  A jackal zombie (D:6)
  5 kobolds
  A quokka skeleton (D:4)
  7 rats
228 creatures vanquished.

Notes
Turn   | Place    | Note
-------+----------+-------------------------------------------
     0 | D:1      | Htamos the Spriggan Gladiator began the quest for the Orb.
     0 | D:1      | Reached XP level 1. HP: 10/10 MP: 2/2
   247 | D:1      | Reached XP level 2. HP: 13/14 MP: 3/3
   480 | D:1      | Reached skill level 3 in Polearms
   663 | D:1      | Reached XP level 3. HP: 18/18 MP: 4/4
  1700 | D:2      | Reached XP level 4. HP: 6/22 MP: 5/5
  1759 | D:2      | Found a shattered altar of Ashenzari.
  1891 | D:2      | Became a worshipper of Ashenzari the Shackled
  2023 | D:2      | Found a hide-covered altar of Uskayaw.
  2134 | D:2      | Noticed Terence
  2276 | D:2      | Reached skill level 4 in Polearms
  2682 | D:2      | Killed Terence
  2955 | D:2      | Reached XP level 5. HP: 16/25 MP: 6/6
  3599 | D:3      | Found an ancient bone altar of Kikubaaqudgha.
  4288 | D:3      | Reached * piety under Ashenzari
  4307 | D:3      | Reached skill level 5 in Polearms
  4531 | D:3      | Noticed Ijyb
  4720 | D:3      | Reached XP level 6. HP: 30/30 MP: 7/7
  5127 | D:3      | Killed Ijyb
  5191 | D:4      | Noticed a two-headed ogre
  5586 | D:4      | Found a hazy altar of Hepliaklqana.
  5631 | D:4      | Found a shimmering altar of Xom.
  5631 | D:4      | Noticed an unseen horror
  5632 | D:4      | Noticed a spectral ugly thing
  5632 | D:4      | Noticed an unseen horror
  5747 | D:4      | Killed a two-headed ogre
  5747 | D:4      | Reached skill level 7 in Polearms
  5747 | D:4      | Reached XP level 7. HP: 33/33 MP: 8/8
  5747 | D:4      | Reached XP level 8. HP: 37/37 MP: 9/9
  5896 | D:5      | Entered Level 5 of the Dungeon
  6003 | D:5      | Found Nithrog's General Store.
  6010 | D:5      | Bought a scroll of remove curse for 42 gold pieces
  6253 | D:5      | Reached skill level 8 in Polearms
  6355 | D:5      | Found Ruestyne's Assorted Antiques.
  6363 | D:5      | Bought a scroll labeled ZOICLIFE XYVIJ for 29 gold pieces
  6363 | D:5      | Bought a scroll labeled ITWERU ARYM for 29 gold pieces
  6405 | D:5      | Found Cebam's Antique Armour Emporium.
  6664 | D:5      | Found a runed door.
  6696 | D:5      | Noticed Crazy Yiuf
  6739 | D:5      | Killed Crazy Yiuf
  6965 | D:6      | Found Zin's Purification Station.
  6965 | D:6      | Noticed Edmund
  6971 | D:6      | Found a glowing silver altar of Zin.
  7180 | D:5      | Killed Edmund
  7707 | D:5      | Reached skill level 9 in Polearms
  7811 | D:6      | Reached ** piety under Ashenzari
  8059 | D:6      | Found a white marble altar of Elyvilon.
  8096 | D:6      | Reached XP level 9. HP: 41/41 MP: 10/10
  8134 | D:6      | Gained mutation: You are partially covered in icy blue scales. (AC +2) [potion of mutation]
  8134 | D:6      | Gained mutation: You are frail. (-10% HP) [potion of mutation]
  8134 | D:6      | Gained mutation: You are weak. (Str -2) [potion of mutation]
  8134 | D:6      | Gained mutation: You are surrounded by a mild repulsion field. (EV +2) [potion of mutation]
  8374 | D:6      | Found a runed gate.
  8374 | D:6      | Found a runed gate.
  8374 | D:6      | Found a runed gate.
  8381 | D:6      | Noticed P0WERM0DE's ghost (novice DDFi)
  8406 | D:6      | Found a staircase to the Ecumenical Temple.
  8489 | D:6      | Found an iron altar of Okawaru.
  8518 | D:6      | Found a stormy altar of Qazlal.
  8994 | D:6      | Lost mutation: You are partially covered in icy blue scales. (AC +2) [potion of mutation]
  8994 | D:6      | Lost mutation: You are frail. (-10% HP) [potion of mutation]
  8994 | D:6      | Lost mutation: You are weak. (Str -2) [potion of mutation]
  8994 | D:6      | Gained mutation: You are frail. (-10% HP) [potion of mutation]
  8994 | D:6      | Gained mutation: Your flesh is heat resistant. (rF+) [potion of mutation]
  8994 | D:6      | Gained mutation: Your muscles are strong. (Str +2) [potion of mutation]
  8995 | D:6      | Lost mutation: Your flesh is heat resistant. (rF+) [potion of mutation]
  8995 | D:6      | Lost mutation: You are frail. (-10% HP) [potion of mutation]
  8995 | D:6      | Lost mutation: Your muscles are strong. (Str +2) [potion of mutation]
  8995 | D:6      | Gained mutation: You are weak. (Str -2) [potion of mutation]
  8995 | D:6      | Lost mutation: You are weak. (Str -2) [potion of mutation]
  9178 | D:6      | Killed P0WERM0DE's ghost
  9178 | D:6      | Reached skill level 10 in Polearms
  9325 | D:6      | Found Zin's Purification Station.
  9335 | D:6      | Found a glowing silver altar of Zin.
  9504 | D:6      | Found a white marble altar of Elyvilon.
  9520 | D:6      | Found an iron altar of Okawaru.
  9543 | D:6      | Found a stormy altar of Qazlal.
  9593 | D:6      | Found a staircase to the Ecumenical Temple.
 10723 | D:7      | Reached skill level 11 in Polearms
 10868 | D:7      | Found a shadowy altar of Dithmenos.
 10949 | D:7      | Found a deep blue altar of Sif Muna.
 11408 | D:7      | Reached XP level 10. HP: 46/46 MP: 11/11
 12079 | D:8      | Noticed a two-headed ogre
 12148 | D:8      | Killed a two-headed ogre
 12272 | D:8      | Noticed a two-headed ogre
 12276 | D:8      | Reached *** piety under Ashenzari
 12336 | D:8      | Killed a two-headed ogre
 12336 | D:8      | Reached skill level 5 in Fighting
 13008 | D:8      | Found a bloodstained altar of Trog.
 14113 | D:6      | HP: 2/55 [poisoned by a soldier ant]
 14117 | D:6      | Lost mutation: You are surrounded by a mild repulsion field. (EV +2) [potion of mutation]
 14117 | D:6      | Gained mutation: You have large cloven feet. [potion of mutation]
 14117 | D:6      | Gained mutation: You are robust. (+10% HP) [potion of mutation]
 14119 | D:6      | HP: 1/60 [poisoned by a soldier ant]
 14128 | D:6      | Succumbed to a soldier ant's poison

Vault maps used:
D:1:      co_arrival_random_square_maze, roderic_roman_lattice
D:2:      eat_drink_and_be_merry_uskayaw, ashenzari_conservatory_becter,
          minmay_hexomino_c4, uniq_terence
D:3:      old_standard_altar, first_ration, minmay_misc_feat_cross, uniq_ijyb
D:4:      regret_index_temple_of_mockery, kennysheep_generic_room_10
D:5:      serial_shops, nicolae_shop_overgrown_old_shop, nicolae_shop_trees,
          shop, minmay_misc_feat_iff, uniq_crazy_yiuf_cottage
D:6:      kennysheep_okawaru_gauntlet, lemuel_round_altar, zin_purify,
          marbit_many_paths, minmay_temple_entry_hall, gammafunk_ghost_split,
          uniq_edmund
D:7:      grunt_dithmenos_smoke, basic_altar, the_bakery
D:8:      gammafunk_corrupted_shrine,
          grunt_temple_overflow_lords_of_destruction, trog_ov_bears_minmay,
          zaba_anthell

Skill      XL: |  1  2  3  4  5  6  7  8  9 10 |
---------------+-------------------------------+-----
Polearms       | 3 4 5 7 9 11 | 11.2
Fighting       | 7 |  7.6
Throwing       | |  2.0
Dodging        | |  4.4

Action                   |  1- 3 |  4- 6 |  7- 9 | 10-12 || total
-------------------------+-------+-------+-------+-------++-------
Melee: Trident           |   135 |   320 |   680 |   493 ||  1628
Throw: Throwing net      |       |     5 |       |       ||     5
Invok: Curse Item        |       |     1 |     1 |       ||     2
Evoke: Wand              |       |     5 |    27 |       ||    32
  Use: Potion            |       |     4 |    11 |     2 ||    17
       Scroll            |       |     2 |    12 |     1 ||    15
 Stab: Sleeping          |       |     5 |     1 |     1 ||     7
       Held in net/web   |       |     1 |       |       ||     1
       Distracted        |       |       |       |     1 ||     1
  Eat: Ration            |       |     1 |     3 |     3 ||     7
Armor: Robe              |     8 |    14 |    50 |    26 ||    98
Dodge: Dodged            |    85 |   177 |   354 |   132 ||   748

Table legend:
 A = Spawn XP
 B = Non-spawn XP
 C = Spawn XP percentage of total XP
 D = Spawn monster count
 E = Non-spawn monster count
 F = Spawn count percentage of total count
 G = Total turns spent on level
                    A         B        C        D         E        F      G
               +---------+---------+-------+---------+---------+-------+---------
         Total |       0 |   10808 |   0.0 |       0 |     228 |   0.0 | 14128
               +---------+---------+-------+---------+---------+-------+---------
           D:1 |       0 |      66 |   0.0 |       0 |      33 |   0.0 |  1580
           D:2 |       0 |     232 |   0.0 |       0 |      32 |   0.0 |  1998
           D:3 |       0 |     159 |   0.0 |       0 |      33 |   0.0 |  1655
           D:4 |       0 |    1078 |   0.0 |       0 |      11 |   0.0 |   663
           D:5 |       0 |     853 |   0.0 |       0 |      20 |   0.0 |  1795
           D:6 |       0 |    2376 |   0.0 |       0 |      42 |   0.0 |  2849
           D:7 |       0 |    1448 |   0.0 |       0 |      25 |   0.0 |  1961
           D:8 |       0 |    4596 |   0.0 |       0 |      32 |   0.0 |  1627
               +---------+---------+-------+---------+---------+-------+---------
